AoeStats
← magicOLIVER+

Nomad

508493258Analyzed
4v4 RM · 9d ago on Sep 22, 2026· 49m 4s· 8 players
Game mode
Random Map
Map size
231×231
Population
200
Speed
Normal
Resources
Standard
Victory
Conquest
Starting age
Dark Age
Ending age
Imperial Age
RankedLock teamsTeams togetherTeam positionsShared explorationLock speedFull tech treeHidden civsTurbo modeCheats
Victory
Defeat
🇲🇽 Goths · Mexico
1023
+13
🇺🇸 Mongols · United States
996
+14
🇹🇷 Japanese · Türkiye
886
+19
🇹🇷 Khmer · Türkiye
884
+18
🇸🇪 Japanese · Sweden
976
-17
🇸🇪 Random · Sweden
954
-16
🇸🇪 Wu · Sweden
944
-16
🇸🇪 Khitans · Sweden
923
-15
Rejmoj
16:47 Feudal Age
22:23 Castle Age
20:54 Man-at-Arms
21:21 Arson
22:03 Scale Mail Armor
22:26 Long Swordsman
23:07 Squires
24:21 Horse Collar
24:31 Double-Bit Axe
25:30 Gold Mining
26:36 Fletching
26:48 Padded Archer Armor
26:45 Stone Mining
27:57 Bodkin Arrow
30:13 Leather Archer Armor
35:03 Imperial Age
33:29 Ballistics
33:14 Treadmill Crane
34:27 Stone Shaft Mining
34:59 Wheelbarrow
36:01 Sitting Tiger
37:21 Gold Shaft Mining
38:03 Bow Saw
39:14 Red Cliffs Tactics
41:38 Two-Man Saw
40:42 Heavy Plow
43:12 Elite Fire Archer
44:08 Loom
44:41 Murder Holes
Läderlappen
4:21 Loom
15:13 Feudal Age
15:42 Domestication
15:50 Double-Bit Axe
23:37 Castle Age
31:30 Bow Saw
34:03 Pastoralism
35:27 Wheelbarrow
40:48 Imperial Age
39:25 Elite Skirmisher
42:02 Thumb Ring
42:22 Ballistics
43:04 Chemistry
44:18 Padded Archer Armor
44:09 Fletching
magicOLIVER+
10:25 Loom
12:47 Feudal Age
12:54 Man-at-Arms
13:32 Horse Collar
22:40 Double-Bit Axe
26:39 Castle Age
31:46 Heavy Plow
32:22 Wheelbarrow
32:04 Bow Saw
31:32 Elite Skirmisher
33:03 Thumb Ring
35:06 Fletching
35:27 Forging
35:18 Scale Mail Armor
43:36 Imperial Age
43:08 Chain Mail Armor
43:29 Iron Casting
44:42 Conscription
44:36 Elite Samurai
Peadar Pàrcair
14:31 Feudal Age
15:13 Fishing Lines
15:24 Double-Bit Axe
16:40 Bloodlines
17:12 Gold Mining
21:44 Castle Age
20:15 Stone Mining
22:27 Scale Barding Armor
22:32 Forging
23:49 Husbandry
24:36 Bow Saw
27:21 Wheelbarrow
27:20 Chain Barding Armor
28:44 Horse Collar
32:19 Iron Casting
32:12 Heavy Plow
33:25 Murder Holes
34:04 Fortified Wall
38:35 Imperial Age
36:39 Fletching
36:50 Padded Archer Armor
38:31 Hand Cart
38:42 Heavy Mounted Crossbowman
38:47 Cranequins
39:44 Bodkin Arrow
40:05 Leather Archer Armor
40:29 Conscription
40:43 Bracer
42:12 Squires
42:47 Ballistics
43:28 Chemistry
45:59 Plate Barding Armor
oogaboogawherdayat
3:27 Loom
14:01 Feudal Age
15:00 Town Watch
19:15 Castle Age
17:10 Double-Bit Axe
17:49 Fletching
17:59 Horse Collar
18:14 Stone Mining
18:52 Gold Mining
21:36 Wheelbarrow
21:48 Bodkin Arrow
23:10 Bow Saw
24:18 Horse Collar
30:22 Gold Shaft Mining
31:27 Hand Cart
34:55 Imperial Age
32:58 Bloodlines
34:00 Ballistics
33:45 Padded Archer Armor
34:47 Masonry
35:49 Stone Shaft Mining
35:50 Bracer
36:06 Leather Archer Armor
36:33 Husbandry
37:05 Conscription
38:22 Chemistry
38:12 Town Patrol
38:56 Hoardings
39:30 Elite Mangudai
39:53 Capped Ram
42:29 Thumb Ring
Bailador Sensual
7:53 Loom
17:26 Feudal Age
19:12 Double-Bit Axe
22:11 Castle Age
19:57 Horse Collar
23:24 Wheelbarrow
25:49 Bow Saw
25:42 Heavy Plow
25:59 Hand Cart
30:17 Gold Mining
30:18 Stone Mining
31:24 Forging
31:15 Scale Mail Armor
32:12 Coinage
35:46 Imperial Age
34:05 Iron Casting
33:49 Chain Mail Armor
33:48 Man-at-Arms
34:28 Squires
34:25 Long Swordsman
35:40 Pikeman
36:09 Town Watch
36:31 Perfusion
36:51 Conscription
37:34 Blast Furnace
36:20 Halberdier
37:40 Two-Handed Swordsman
40:58 Anarchy
41:00 Elite Huskarl
Kibyra
15:09 Loom
17:40 Feudal Age
18:18 Double-Bit Axe
20:06 Town Watch
20:16 Gold Mining
23:09 Fishing Lines
24:26 Stone Mining
27:18 Castle Age
25:10 Fletching
27:53 Forging
29:19 Crossbowman
30:26 Bodkin Arrow
34:27 Iron Casting
34:35 Wheelbarrow
34:30 Gillnets
36:02 Treadmill Crane
36:18 Murder Holes
37:48 Scale Mail Armor
38:19 Ballistics
38:03 Padded Archer Armor
38:56 Chain Mail Armor
40:46 Fervor
43:49 Imperial Age
44:57 Kataparuto
45:39 Conscription
49:36 Bracer
Okan Caliskan
12:49 Loom
17:56 Feudal Age
18:22 Double-Bit Axe
20:59 Horse Collar
27:17 Castle Age
31:51 Imperial Age
32:19 Wheelbarrow
31:59 Forging
31:49 Scale Mail Armor
31:55 Scale Barding Armor
34:10 Chemistry
33:53 Bow Saw
33:58 Heavy Plow
35:11 Hand Cart
34:50 Fletching
35:02 Padded Archer Armor
35:00 Guard Tower
35:58 Town Watch
36:40 Gold Mining
37:51 Tusk Swords
38:35 Crop Rotation
39:32 Elite Ballista Elephant
40:40 Stone Mining
41:42 Gold Shaft Mining
42:47 Iron Casting
42:28 Chain Mail Armor
42:54 Chain Barding Armor
47:42 Blast Furnace
47:18 Plate Barding Armor
46:59 Leather Archer Armor
47:54 Double Crossbow
48:12 Masonry
Connection lost

Rejoining the realm…

Still unreachable

The connection could not be restored.

Session expired

The server has moved on; the page needs a fresh start.